 Dungeon Crawl Stone Soup version 0.30-a0-358-g0d69a1922f (webtiles) character file.

Game seed: 5432977204146277837

7331 Hnkdwk the Protected (level 10, -7/94 HPs)
             Began as a Minotaur Fighter on Nov 10, 2022.
             Was an Elder of Okawaru.
             Mangled by nj0rd12's ghost (17 damage)
             ... on level 9 of the Dungeon.
             The game lasted 00:13:06 (7435 turns).

Hnkdwk the Protected (Minotaur Fighter)             Turns: 7435, Time: 00:13:07

Health: -7/94      AC: 13    Str: 24    XL:     10   Next: 90%
Magic:  10/10      EV: 18    Int:  5    God:    Okawaru [****..]
Gold:   540        SH:  0    Dex: 11    Spells: 9/9 levels left

rFire   . . .      SeeInvis .    E - +3 battleaxe (freeze)
rCold   . . .      Faith    .    (shield currently unavailable)
rNeg    . . .      Spirit   .    b - +1 scale mail
rPois   .          Reflect  .    (helmet restricted)
rElec   .          Harm     .    l - +2 cloak
rCorr   .          Rampage  .    (no gloves)
Will    .....                    (no boots)
Stlth   ..........               (no amulet)
HPRegen 0.35/turn                x - +4 ring of evasion
MPRegen 0.12/turn                k - +4 ring of evasion

@: mighty
A: horns 2, retaliatory headbutt
a: Renounce Religion, Heroism, Finesse


You were on level 9 of the Dungeon.
You worshipped Okawaru.
Okawaru was greatly pleased with you.
You visited 2 branches of the dungeon, and saw 10 of its levels.
You also visited: Ossuary.

You collected 540 gold pieces.

Inventory:

Hand Weapons
 a - a +0 war axe of protection
 y - a +4 battleaxe
 E - a +3 battleaxe of freezing (weapon)
Armour
 b - a +1 scale mail (worn)
 c - a +0 buckler
 l - a +2 cloak (worn)
Jewellery
 e - a ring of ice
 h - a ring of resist corrosion
 i - a ring of magical power
 k - a +4 ring of evasion (right hand)
 v - a ring of poison resistance
 x - a +4 ring of evasion (left hand)
Wands
 q - a wand of mindburst (4)
 t - a wand of acid (9)
 w - a wand of flame (31)
 z - a wand of iceblast (14)
Scrolls
 o - a scroll of silence
 A - 2 scrolls of teleportation
 B - 2 scrolls of immolation
 G - a scroll of amnesia
Potions
 d - 2 potions of might
 g - a potion of brilliance
 j - 2 potions of lignification
 m - 2 potions of flight
 n - 2 potions of cancellation
 p - 2 potions of haste
 r - 3 potions of magic
 s - 4 potions of curing
 C - 4 potions of heal wounds
 D - a potion of invisibility {unknown}
 F - 3 potions of attraction {unknown}


   Skills:
 + Level 10.4 Fighting
 + Level 10.1 Axes
 + Level 10.5 Armour
 + Level 10.4 Shields
 + Level 2.5 Invocations
 + Level 2.2 Evocations


You had 9 spell levels left.
You didn't know any spells.
Your spell library contained the following spells:

 Spells                   Type           Power      Damage    Failure   Level
 Apportation              Tloc           0%         N/A       73%         1
 Magic Dart               Conj           0%         1d3       73%         1
 Necrotise                Necr           0%         1d4       73%         1
 Cigotuvi's Dreadful Rot  Necr/Pois/Air  0%         N/A       86%         2
 Gell's Gravitas          Tloc           0%         N/A       97%         3
 Mephitic Cloud           Conj/Pois/Air  0%         N/A       97%         3
 Stone Arrow              Conj/Erth      0%         3d7       97%         3
 Teleport Other           Tloc           0%         N/A       97%         3
 Dispel Undead            Necr           0%         3d6       100%        4
 Dispersal                Tloc           0%         N/A       100%        6
 Lehudib's Crystal Spear  Conj/Erth      0%         10d2      100%        8
 Summon Small Mammal      Summ           Unusable   N/A       N/A         1
 Call Imp                 Summ           Unusable   N/A       N/A         2
 Animate Armour           Summ/Erth      Unusable   N/A       N/A         4
 Summon Ice Beast         Ice/Summ       Unusable   N/A       N/A         4
 Summon Mana Viper        Hex/Summ       Unusable   N/A       N/A         5
 Death Channel            Necr           Unusable   N/A       N/A         6
 Monstrous Menagerie      Summ           Unusable   N/A       N/A         7

Dungeon Overview and Level Annotations

Branches:
Dungeon (9/15)             Temple (1/1) D:6         Ossuary (visited)
   Lair: D:8-11         Orc: D:9-12

Altars:
Ashenzari
Fedhas
Okawaru
Qazlal
Ru
Trog
Uskayaw
Vehumet
Wu Jian
The Shining One

Shops:
D:8 (=[

Annotations:
D:7 3 runed translucent doors
D:9 nj0rd12's ghost, novice MiFi


Innate Abilities, Weirdness & Mutations

You have a pair of horns on your head.
You reflexively headbutt those who attack you in melee.


Message History

Nj0rd12's ghost hits you. Nj0rd12's ghost burns you.
You slash nj0rd12's ghost! Your headbutt misses nj0rd12's ghost.
Nj0rd12's ghost is moderately damaged.
Nj0rd12's ghost hits you! Nj0rd12's ghost burns you.
Nj0rd12's ghost closely misses you. You furiously retaliate!
You headbutt nj0rd12's ghost, but do no damage.
You hit nj0rd12's ghost but do no damage.
Your headbutt misses nj0rd12's ghost.
Nj0rd12's ghost is moderately damaged.
Nj0rd12's ghost hits you! Nj0rd12's ghost burns you.
You barely miss nj0rd12's ghost.
Nj0rd12's ghost is moderately damaged.
Nj0rd12's ghost misses you.
Unknown command.
You feel very mighty all of a sudden.
Nj0rd12's ghost hits you but does no damage.
You barely miss nj0rd12's ghost.
Nj0rd12's ghost is moderately damaged.
Nj0rd12's ghost closely misses you.
You barely miss nj0rd12's ghost.
Nj0rd12's ghost is moderately damaged.
Nj0rd12's ghost hits you but does no damage.
You closely miss nj0rd12's ghost.
Nj0rd12's ghost is moderately damaged.
Nj0rd12's ghost hits you! Nj0rd12's ghost burns you. Nj0rd12's ghost hits you!
Nj0rd12's ghost burns you!
* * * LOW HITPOINT WARNING * * *
You barely miss nj0rd12's ghost.
Nj0rd12's ghost is moderately damaged.
Nj0rd12's ghost hits you!
* * * LOW HITPOINT WARNING * * *
Nj0rd12's ghost burns you.
* * * LOW HITPOINT WARNING * * *
You barely miss nj0rd12's ghost.
Nj0rd12's ghost is moderately damaged.
Nj0rd12's ghost misses you.
You barely miss nj0rd12's ghost.
Nj0rd12's ghost is moderately damaged.
Nj0rd12's ghost hits you!
You die...

#. .. ## .####. # .. ....
.# .. ..###.# #.#
##.#..+## #.###.......#
#.##...@....#
#.#...#W#...#
#†...##.##...#
##†..##...##......#
#...##.....##.....+
#...#⌠.?♣!.⌠#.....#
+...##..?..##.....#
#######....##...##......#
............##⌠##..
#...#######


You could see nj0rd12's ghost.

Vanquished Creatures
  Pikel (D:4)
  A kobold demonologist (D:9)
  A troll (D:6)
  Prince Ribbit (D:5)
  12 yaks
  A wyvern (D:8)
  2 steam dragons
  Duvessa (D:5)
  3 water moccasins
  2 black bears (D:6)
  3 ice beasts
  3 orc warriors
  2 sky beasts (D:6)
  2 ogres
  2 centaurs
  A lemure (D:4)
  A kobold brigand (D:9)
  A phantom (D:7)
  5 bullfrogs
  Blork the orc (D:5)
  A necrophage (D:8)
  A gnoll sergeant (D:9)
  A scorpion (D:3)
  12 wights
  Dowan (D:5)
  5 killer bees
  A howler monkey (D:8)
  3 centaur zombies (Ossuary)
  Crazy Yiuf (D:2)
  A gnoll bouda (D:7)
  5 iguanas
  A jelly (D:6)
  An iron imp (D:8)
  3 orc wizards (D:4)
  Natasha (twice) (D:2)
  6 mummies (Ossuary)
  Robin (D:2)
  10 gnolls
  5 adders
  A white imp (D:7)
  2 dart slugs
  26 orcs
  3 endoplasms
  A giant cockroach (D:3)
  16 goblins
  5 hobgoblins
  4 jackals (D:3)
  A quokka (D:2)
  A ball python (D:1)
  7 bats
  4 frilled lizards
  6 hobgoblin zombies
  5 kobolds
  A kobold skeleton (D:8)
  2 kobold zombies (D:8)
  An orc skeleton (D:8)
  An orc zombie (D:8)
  5 rats
199 creatures vanquished.

Vanquished Creatures (others)
  A quokka (D:5)
  3 plants (D:6)
4 creatures vanquished.

Grand Total: 203 creatures vanquished

Notes
Turn   | Place    | Note
-------+----------+-------------------------------------------
     0 | D:1      | Hnkdwk the Minotaur Fighter began the quest for the Orb.
     0 | D:1      | Reached XP level 1. HP: 19/19 MP: 0/0
   275 | D:1      | Reached XP level 2. HP: 27/27 MP: 0/1
   613 | D:2      | Reached XP level 3. HP: 32/33 MP: 2/2
   636 | D:2      | Noticed Robin
   657 | D:2      | Killed Robin
   856 | D:2      | Reached XP level 4. HP: 41/41 MP: 3/3
   991 | D:2      | Found a runed translucent door.
   992 | D:2      | Noticed Crazy Yiuf
   997 | D:2      | Killed Crazy Yiuf
  1033 | D:2      | Noticed Natasha
  1040 | D:2      | Killed Natasha
  1047 | D:2      | Reached XP level 5. HP: 47/47 MP: 4/4
  1066 | D:2      | Noticed Natasha
  1073 | D:2      | Killed Natasha
  1204 | D:3      | Reached skill level 5 in Fighting
  1204 | D:3      | Reached skill level 5 in Armour
  1204 | D:3      | Reached skill level 5 in Shields
  2108 | D:4      | Found a stormy altar of Qazlal.
  2136 | D:4      | Reached XP level 6. HP: 56/56 MP: 5/5
  2507 | D:4      | Identified the +0 ring mail "Kepesch" {Int+4 Dex+2}
  2582 | D:4      | Found a hide-covered altar of Uskayaw.
  2602 | D:4      | Noticed Pikel
  2621 | D:4      | Killed Pikel
  2622 | D:4      | Reached skill level 5 in Axes
  2622 | D:4      | Reached XP level 7. HP: 39/63 MP: 6/6
  3040 | D:5      | Entered Level 5 of the Dungeon
  3061 | D:5      | Found a radiant altar of Vehumet.
  3301 | D:5      | Noticed Blork the orc
  3308 | D:5      | Killed Blork the orc
  3347 | D:5      | Noticed Duvessa
  3348 | D:5      | Noticed Dowan
  3354 | D:5      | Killed Dowan
  3355 | D:5      | Reached XP level 8. HP: 52/71 MP: 7/7
  3360 | D:5      | Killed Duvessa
  3602 | D:5      | Found an ornate altar of the Wu Jian Council.
  3751 | D:5      | Noticed Prince Ribbit
  3784 | D:5      | Killed Prince Ribbit
  4678 | D:6      | Found a bloodstained altar of Trog.
  4710 | D:6      | Found a sacrificial altar of Ru.
  4721 | D:6      | Reached XP level 9. HP: 81/81 MP: 8/8
  4945 | D:6      | Found a staircase to the Ecumenical Temple.
  4974 | Temple   | Entered the Ecumenical Temple
  5010 | Temple   | Became a worshipper of Warmaster Okawaru
  5114 | D:6      | Noticed a troll
  5123 | D:6      | Killed a troll
  5420 | D:7      | Reached * piety under Okawaru
  5568 | D:7      | Found a blossoming altar of Fedhas.
  5613 | D:7      | Found a runed translucent gate.
  5614 | D:7      | Found a runed translucent gate.
  5614 | D:7      | Found a runed translucent gate.
  5772 | D:7      | Found a sand-covered staircase.
  5779 | Ossuary  | Entered an ossuary
  5929 | D:7      | You fall into a shaft and drop 1 floor!
  5963 | D:8      | Found Caaff's Antique Weapon Shoppe.
  5966 | D:8      | Reached ** piety under Okawaru
  5972 | D:8      | Reached XP level 10. HP: 87/91 MP: 9/9
  6075 | D:8      | Found Ileiz's Jewellery Shoppe.
  6214 | D:8      | Found Isetud's Armour Emporium.
  6404 | D:8      | Found a glowing golden altar of the Shining One.
  6453 | D:8      | Reached skill level 10 in Armour
  6458 | D:8      | Reached skill level 10 in Fighting
  6458 | D:8      | Reached skill level 10 in Shields
  6827 | D:9      | Reached *** piety under Okawaru
  6828 | D:9      | Reached skill level 1 in Invocations
  6828 | D:9      | Reached skill level 1 in Evocations
  7107 | D:9      | Reached skill level 10 in Axes
  7182 | D:9      | Found a broken altar of Ashenzari.
  7310 | D:9      | Noticed nj0rd12's ghost (novice MiFi)
  7313 | D:9      | Found a runed translucent door.
  7328 | D:9      | Reached **** piety under Okawaru
  7435 | D:9      | Mangled by nj0rd12's ghost

Illustrated notes

Levels and vault maps discovered:
D:1:      heliophobic_arrival_ceremonial_halls, layout_rooms
D:2:      layout_basic, kennysheep_generic_room_11, uniq_robin,
          uniq_crazy_yiuf_cottage, uniq_natasha
D:3:      layout_basic
D:4:      kennysheep_six_static_rooms, layout_basic, old_standard_altar,
          nicolae_qazlal_general_emergency, minmay_misc_feat_rows, uniq_pikel
D:5:      layout_gridville, nicolae_wu_jian_wuxing_cycle, fiery_altar_vehumet,
          uniq_prince_ribbit1, uniq_duvessa, uniq_blork_the_orc
D:6:      layout_basic, nicolae_ru_awakened_eye, trog_ov_bears_minmay,
          minmay_temple_entry_overgrown, chequers_serial_rivers_small_a,
          grunt_decor_one_mirror
D:7:      layout_cave_pools, regret_index_temple_of_mockery,
          mainiacjoe_overflow_alcove_2, gammafunk_ghost_necromancy,
          lightli_ossuary_entry_decrepit_ruins
D:8:      layout_loops_cross, nicolae_tso_besieged_by_evil, serial_shops,
          shop_fountains, nicolae_shop_trees, shop, minmay_between
D:9:      layout_basic, mainiacjoe_overflow_24_doors, zin_treasury,
          yredelemnul_forgotten_temple_becter, tgw_sif,
          hellmonk_ghost_happy_afterlife, serial_corexii_hall,
          chequers_hall_statues_y, corexii_hall_statues_i, minmay_starry_boxes
Temple:   hellmonk_temple_beads

Skill      XL: |  1  2  3  4  5  6  7  8  9 10 |
---------------+-------------------------------+-----
Fighting       | 4 5 6 7 9 10 | 10.4
Armour         | 4 5 6 7 9 10 | 10.5
Shields        | 4 5 6 7 9 10 | 10.4
Axes           | 3 4 5 6 7 9 10 | 10.1
Invocations    | 2 |  2.5
Evocations     | 2 |  2.2

Action                   |  1- 3 |  4- 6 |  7- 9 | 10-12 || total
-------------------------+-------+-------+-------+-------++-------
Melee: War axe           |    72 |   108 |   207 |    51 ||   438
       Headbutt          |     6 |    16 |    41 |    29 ||    92
       Battleaxe         |       |       |       |    88 ||    88
Invok: Heroism           |       |       |       |     1 ||     1
Evoke: Wand              |       |       |     1 |       ||     1
  Use: Scroll            |     2 |     7 |    13 |     3 ||    25
       Potion            |       |     2 |       |     1 ||     3
 Stab: Sleeping          |       |       |     1 |       ||     1
Armor: Scale mail        |    35 |    62 |    90 |    42 ||   229
       Skin              |       |     7 |       |       ||     7
Dodge: Dodged            |    45 |    57 |   194 |   109 ||   405
Block: Buckler           |    26 |    29 |    74 |    15 ||   144

Table legend: (Time is in decaauts)
 A = Elapsed time spent in this place.
 B = Non-inter-level travel time spent in this place.
 C = Inter-level travel time spent in this place.
 D = Time resting spent in this place.
 E = Time spent auto-exploring this place.
 F = Levels seen in this place.
 G = Mean time per level.
                   A        B        C        D        E       F      G
               +--------+--------+--------+--------+--------+-----+--------+
         Total |   7545 |   7343 |    202 |    129 |   5692 |  11 |  685.9 |
       Dungeon |   7341 |   7172 |    169 |    129 |   5604 |   9 |  815.7 |
        Temple |     69 |     36 |     33 |      0 |     27 |   1 |   69.0 |
       Ossuary |    134 |    134 |      0 |      0 |     61 |   1 |  134.0 |
               +--------+--------+--------+--------+--------+-----+--------+

Top non-repeatable levels by time:
     D:5: 1206 daAuts
     D:4: 1201 daAuts
     D:6: 1044 daAuts
     D:8: 898 daAuts
     D:3: 708 daAuts
     D:9: 629 daAuts
     D:2: 609 daAuts
     D:1: 580 daAuts
     D:7: 462 daAuts
 Ossuary: 134 daAuts
  Temple: 69 daAuts
